AoeStats
← DonVitoCorleone

Hideout

507106084Analyzed
1v1 RM · 16d ago on Sep 16, 2026· 36m 32s· 2 players
Game mode
Random Map
Map size
Tiny (2 player)
Population
200
Speed
Normal
Resources
Standard
Victory
Conquest
Starting age
Dark Age
Ending age
Imperial Age
RankedLock teamsTeams togetherTeam positionsShared explorationLock speedFull tech treeHidden civsTurbo modeCheats
Victory
Defeat
🇦🇹 Ethiopians · Austria
956
+16
🇪🇸 Magyars · Spain
955
-16
aleix.car
11:46 Feudal Age
13:58 Loom
17:27 Castle Age
15:23 Fletching
16:15 Bloodlines
18:26 Thumb Ring
25:09 Bodkin Arrow
28:08 Padded Archer Armor
32:12 Husbandry
34:10 Double-Bit Axe
37:58 Imperial Age
35:15 Town Watch
DonVitoCorleone
10:59 Feudal Age
9:47 Loom
16:02 Castle Age
15:23 Scale Barding Armor
16:24 Forging
17:10 Double-Bit Axe
18:18 Bow Saw
18:41 Husbandry
23:45 Wheelbarrow
23:33 Fletching
23:44 Padded Archer Armor
24:46 Elite Skirmisher
25:26 Bodkin Arrow
29:42 Ballistics
32:24 Horse Collar
33:16 Scale Mail Armor
Connection lost

Rejoining the realm…

Still unreachable

The connection could not be restored.

Session expired

The server has moved on; the page needs a fresh start.